details: 'DRForTheBirdNoob'

« prev index next »

General information

Mini Map

Players

team 1
Undeadkunt.roII (gray | 124 APM | 1207 actions | 09:42)
Hero icon 4 Dark Ranger
Ability icon 2 Black Arrow
Ability icon 2 Silence
Hero icon 2 Death Knight
Ability icon 1 Death Coil
Ability icon 1 Unholy Aura

» actions
Assign group hotkey37
Basic commands10
Build / train38
ESC pressed6
Enter build submenu13
Enter hero's abilities submenu6
Right click503
Select / deselect210
Select group hotkey318
Use ability66
1207 total
» units
Acolyte5
Ghoul4
Crypt Fiend10
19 total
» upgrades
Creature Attack1
Burrow1
Web1
3 total
» buildings
Graveyard1
Crypt1
Ziggurat5
Altar of Darkness1
Tomb of Relics1
Halls of the Dead1
Nerubian Tower1
Black Citadel3
Slaughterhouse1
15 total
» build order
00:08 Graveyard
00:12 Crypt
00:38 Ziggurat
01:03 Altar of Darkness
01:32 Tomb of Relics
02:14 Ziggurat
02:17 Ziggurat
03:08 Halls of the Dead
03:26 Nerubian Tower
04:22 Ziggurat
06:27 Black Citadel
07:07 Ziggurat
07:59 Black Citadel
07:59 Black Citadel
08:19 Slaughterhouse
» items
Rod of Necromancy2
Scroll of Town Portal1
3 total
team 2
Random» HumanTrue-True (blue | 50 APM | 484 actions | 09:37)
Hero icon 3 Mountain King
Ability icon 2 Storm Bolt
Ability icon 1 Bash
Hero icon 1 Paladin
Ability icon 1 Holy Light

» actions
Assign group hotkey11
Basic commands16
Build / train37
Enter build submenu15
Enter hero's abilities submenu4
Right click175
Select / deselect143
Select group hotkey45
Use ability38
484 total
» units
Peasant9
Footman12
21 total
» upgrades
Defend1
Lumber Harvesting1
2 total
» buildings
Barracks2
Farm6
Altar of Kings1
Arcane Vault1
Keep1
Lumber Mill1
Blacksmith1
Town Hall1
14 total
» build order
00:21 Barracks
00:36 Farm
00:51 Altar of Kings
01:02 Farm
01:33 Farm
02:18 Barracks
02:33 Farm
02:57 Arcane Vault
03:29 Farm
05:15 Keep
06:19 Lumber Mill
06:29 Farm
06:35 Blacksmith
08:07 Town Hall
» items
Scroll of Regeneration4
Lesser Clarity Potion1
Potion of Healing1
Scroll of Town Portal1
7 total
observers
bia-bia-bia-bia, BadControl, Daknar, Obliterate